 Dungeon Crawl Stone Soup version 0.13.1-2-gfb2c2b7 (webtiles) character file.

661 Lilouch the Firebug (level 6, 0/32 HPs)
             Began as a Tengu Fire Elementalist on Dec 5, 2013.
             Slain by a phantom (10 damage)
             ... on Level 3 of the Dungeon.
             The game lasted 00:20:38 (3005 turns).

Lilouch the Firebug (Tengu Fire Elementalist)       Turns: 3005, Time: 00:20:38

HP   0/32        AC  4     Str  8      XL: 6   Next: 83%
MP   0/16        EV 12     Int 18      God:
Gold 263         SH  0     Dex 14      Spells:  4 memorised,  3 levels left

Res.Fire  : . . .   See Invis. : .   q - +0 blowgun
Res.Cold  : . . .   Warding    : .   a - +0 robe
Life Prot.: . . .   Conserve   : +   (no shield)
Res.Poison: .       Res.Corr.  : .   (helmet restricted)
Res.Elec. : .       Clarity    : .   (no cloak)
Sust.Abil.: . .     Spirit.Shd : .   k - +1 pair of orc gauntlets
Res.Mut.  : .       Stasis     : .   (boots unavailable)
Res.Rott. : .       Flight     : .   j - amulet of conservation
Saprovore : . . .                    (no ring)
                                     (no ring)

@: very slightly contaminated, slightly resistant to hostile enchantments,
fairly stealthy
A: able to fly, beak, talons 3
a: Fly


You were on level 3 of the Dungeon.
You were hungry.

You visited 1 branch of the dungeon, and saw 4 of its levels.

You collected 243 gold pieces.

Inventory:

Hand weapons
 e - a +1,+1 sling
 o - a +0,+0 whip of venom
 q - a +0 blowgun (weapon)
 E - a +0,+2 flail of crushing
Missiles
 m - 7 stones
 v - 3 darts of frost
 x - 18 poisoned needles (quivered)
 F - a throwing net
Armour
 a - a +0 robe (worn)
 k - a +1 pair of orcish gauntlets (worn)
 l - a cursed +0 large shield
Magical devices
 n - a wand of slowing (2)
Comestibles
 c - 2 bread rations
 d - 6 meat rations
 r - 2 chokos
Scrolls
 f - a scroll of teleportation {unknown}
 g - 6 scrolls of remove curse
 h - 2 scrolls of enchant weapon II
 p - a scroll of identify
 s - 2 scrolls of amnesia
 u - a scroll of fog {unknown}
 C - 2 scrolls of noise
 D - 2 scrolls of magic mapping
Jewellery
 j - an amulet of conservation (around neck)
 y - an uncursed ring of see invisible
Potions
 i - a potion of curing
 t - a potion of poison {unknown}
 w - a potion of restore abilities {unknown}
 z - a potion of berserk rage {unknown}
Books
 b - a book of Flames

   Spells                             Type                      Level
   *Flame Tongue                      Conjuration/Fire             1
   *Throw Flame                       Conjuration/Fire             2
   *Conjure Flame                     Conjuration/Fire             3
   Inner Flame                        Hexes/Fire                   3
   *Sticky Flame                      Conjuration/Fire             4
   Fireball                           Conjuration/Fire             5


   Skills:
 - Level 2.1 Dodging
 - Level 2.0 Stealth
 * Level 4.2 Spellcasting
 + Level 4.4 Conjurations
 + Level 5.1 Fire Magic


You had 3 spell levels left.
You knew the following spells:

 Your Spells              Type           Power        Failure   Level  Hunger
a - Flame Tongue          Conj/Fire      ###..        1%          1    None
b - Conjure Flame         Conj/Fire      ###.....     10%         3    ###....
c - Sticky Flame          Conj/Fire      ###.....     24%         4    ####...
d - Throw Flame           Conj/Fire      ###...       3%          2    #......


Dungeon Overview and Level Annotations

Branches:
Dungeon (4/27)
 Temple: D:4-7

Altars:


Innate Abilities, Weirdness & Mutations

You can fly.
You have a beak for a mouth.
You have claws for feet.


Message History

The flame hits the phantom.
The phantom is heavily damaged.
The phantom hits you.
Casting: Flame Tongue
Confirm with . or Enter, or press ? or * to list all spells.
Aiming: Flame Tongue
Press: ? - help, Shift-Dir - straight line, f/p - phantom
Aim: a phantom (heavily damaged)
The flame hits the phantom.
The phantom is heavily damaged.
The phantom hits you but does no damage.
Casting: Flame Tongue
Confirm with . or Enter, or press ? or * to list all spells.
Aiming: Flame Tongue
Press: ? - help, Shift-Dir - straight line, f/p - phantom
Aim: a phantom (heavily damaged)
The flame hits the phantom.
The phantom is heavily damaged.
The phantom hits you!
You die...

# ###########.......... #
#########...........######### #
#.....................####### #
#.#######.###########........ #
#.# #.# ########. #####.#######.#
#. .)..........#.# #.
#####.#####.#.######## #.
###.#####.....@p...####### #.
###...........######.......#####.
.##...#####.#.# #####.........
.##.### #.#.# #...##..<. .##.#
#...# #######..##.... .##.# #####
#.............. .##.#
#.#####..##.... .##.# #.#
#..##.... .##.# #.# #..#####.


You could see a phantom.

Vanquished Creatures
  Grinder (D:3)
  5 adders
  3 gnolls (D:3)
  3 worms
  An orc (D:3)
  A ball python (D:1)
  3 giant cockroaches
  8 hobgoblins
  13 kobolds
  2 oozes (D:2)
  A quokka (D:3)
  10 bats
  3 giant geckos
  7 giant newts
  12 goblins
  3 rats
76 creatures vanquished.

Notes
Turn   | Place    | Note
--------------------------------------------------------------
     0 | D:1      | Lilouch, the Tengu Fire Elementalist, began the quest for the Orb.
     0 | D:1      | Reached XP level 1. HP: 10/10 MP: 3/3
   238 | D:1      | Reached XP level 2. HP: 15/15 MP: 0/5
   858 | D:1      | Reached XP level 3. HP: 16/19 MP: 2/7
  1294 | D:2      | Reached skill level 4 in Fire Magic
  1296 | D:2      | Reached XP level 4. HP: 20/24 MP: 6/9
  2251 | D:3      | Noticed Grinder
  2263 | D:3      | Learned a level 3 spell: Conjure Flame
  2268 | D:3      | Learned a level 4 spell: Sticky Flame
  2380 | D:3      | Reached XP level 5. HP: 28/28 MP: 9/12
  2630 | D:3      | Learned a level 2 spell: Throw Flame
  2710 | D:3      | Killed Grinder
  2710 | D:3      | Reached skill level 5 in Fire Magic
  2710 | D:3      | Reached XP level 6. HP: 29/32 MP: 1/16
  3005 | D:3      | Slain by a phantom

Action                   |  1- 3 |  4- 6 || total
-------------------------+-------+-------++-------
Melee: Whip              |     4 |       ||     4
 Fire: Sling             |    35 |    23 ||    58
       Blowgun           |       |    62 ||    62
 Cast: Flame Tongue      |    51 |    69 ||   120
       Conjure Flame     |       |     3 ||     3
       Sticky Flame      |       |     1 ||     1
  Use: Scroll            |       |     7 ||     7
       Potion            |       |     4 ||     4
